Selects Airborne Battlegroup
Selects Heavy Machine Gun Paradrop
Heavy Machine Gun Paradrop
Construct Weapon Support Center
Heavy Machine Gun Paradrop
Selects Paratrooper Squad Paradrop
Paratrooper Squad Paradrop
Heavy Machine Gun Paradrop
Construct Medical Station
Mechanized Support Center
Paratrooper Squad Paradrop
Selects Dual P-47 Rocket Strike
Heavy Machine Gun Paradrop
Selects Anti-tank Gun Team Paradrop
Heavy Machine Gun Paradrop
Anti-tank Gun Team Paradrop
Designate Forward Repair Station